 Dungeon Crawl Stone Soup version 0.32-a0-938-g40ac7a0f4d (webtiles) character file.

Game seed: 17877039828218137151

120536 Drazool the Scorcher (level 16, -1/135 HPs)
             Began as a Purple Draconian Fire Elementalist on Apr 10, 2024.
             Was a High Priest of Vehumet.
             Succumbed to a naga ritualist's toxic radiance
             ... on level 2 of the Lair of Beasts on Apr 15, 2024.
             The game lasted 02:15:57 (31934 turns).

Drazool the Scorcher (DrFE)                        Turns: 31934, Time: 02:15:58

Health: -1/135     AC: 17    Str:  9    XL:     16   Next: 30%
Magic:  31/31      EV: 15    Int: 24    God:    Vehumet [*****.]
Gold:   2081       SH:  0    Dex: 15    Spells: 3/38 levels left

rFire   . . .        O - +11 trident of Broken Luck {speed, Will+ Str-3 Int+3 Dex+2}
rCold   . . .        Y - crystal ball of Wucad Mu {*channel}
rNeg    + . .        (body armour unavailable)
rPois   .            (helmet restricted)
rElec   .            y - +2 cloak
rCorr   .            P - +2 pair of gloves
SInv    .            w - +1 pair of boots
Will    +++..        r - amulet of magic regeneration
Stlth   ++           Z - ring of wizardry
HPRegen 0.42/turn    N - ring of positive energy
MPRegen 0.62/turn

%: wizardry (x1), channel magic (40%)
@: lethally poisoned (-1 -> -22)
A: nullifying breath, AC +9, unfitting armour, cold-blooded
a: Nullifying Breath, Renounce Religion


You were on level 2 of the Lair of Beasts.
You worshipped Vehumet.
Vehumet was extremely pleased with you.
You visited 5 branches of the dungeon, and saw 24 of its levels.

You collected 2494 gold pieces.
You spent 413 gold pieces at shops.


Innate Abilities, Weirdness & Mutations

You can breathe blasts of antimagic.
Your rich purple scales are hard. (AC +9)
You cannot fit into any form of body armour.
You are cold-blooded and may be slowed by cold attacks.


   Skills:
 + Level 10.5 Fighting
 - Level 9.0 Dodging
 - Level 3.0 Stealth
 + Level 11.5 Spellcasting
 + Level 14.3 Conjurations
 - Level 3.0 Hexes
 - Level 3.0 Summonings
 - Level 3.0 Translocations
 - Level 18.0 Fire Magic
 - Level 3.0 Earth Magic
 - Level 5.0 Alchemy
 - Level 6.4 Evocations


You had 3 spell levels left.
You knew the following spells:

 Your Spells              Type           Power      Damage    Failure   Level
a - Summon Blazeheart Go  Fire/Summ      59%        N/A       1%          4
d - Orb of Destruction    Conj           35%        9d10      3%          7
o - Olgreb's Toxic Radia  Alch           37%        N/A       1%          4
p - Fulminant Prism       Conj/Alch      28%        3d13      1%          4
w - Stone Arrow           Conj/Erth      100%       3d13      1%          3
y - Sticky Flame          Fire/Alch      62%        2d10      1%          4
X - Scorch                Fire           100%       2d9       1%          2
Y - Volatile Blastmotes   Fire/Tloc      100%       2d18      1%          3
Z - Flame Wave            Conj/Fire      74%        2d16      1%          4

Your spell library contained the following spells:

 Spells                   Type           Power      Damage    Failure   Level
 Fireball                 Conj/Fire      37%        3d15      1%          5
 Foxfire                  Conj/Fire      100%       2x1d9     1%          1
 Sandblast                Erth           56%        2d13      1%          1
 Shock                    Conj/Air       100%       1d9       1%          1
 Inner Flame              Hex/Fire       59%        N/A       1%          3
 Ensorcelled Hibernation  Hex/Ice        42%        N/A       4%          2
 Sigil of Binding         Hex            28%        N/A       5%          3
 Teleport Other           Tloc           28%        N/A       5%          3
 Sublimation of Blood     Necr           13%        N/A       8%          2
 Fugue of the Fallen      Necr           13%        N/A       13%         3
 Swiftness                Air            13%        N/A       13%         3
 Brom's Barrelling Bould  Conj/Erth      53%        2d7       1%          4
 Irradiate                Conj/Alch      28%        3d21      1%          5
 Lee's Rapid Deconstruct  Erth           14%        3d9*      8%          5
 Airstrike                Air            6%         2d(1-17)  9%          4
 Leda's Liquefaction      Alch/Erth      16%        N/A       9%          4
 Petrify                  Alch/Erth      33%        N/A       9%          4
 Spellforged Servitor     Conj/Summ      26%        N/A       17%         7
 Anguish                  Hex/Necr       10%        N/A       21%         4
 Permafrost Eruption      Ice/Erth       10%        2x4d3     43%         6
 Fire Storm               Conj/Fire      37%        8d9       56%         9
 Lehudib's Crystal Spear  Conj/Erth      26%        10d7      65%         8
 Dispersal                Tloc           14%        N/A       75%         6
 Gell's Gavotte           Tloc           14%        2d(17-26) 75%         6
 Sculpt Simulacrum        Ice/Alch       12%        N/A       80%         6
 Death Channel            Necr           6%         N/A       98%         6
 Malign Gateway           Summ/Tloc      14%        N/A       99%         7
 Summon Horrible Things   Summ           14%        N/A       100%        8
 Chain Lightning          Conj/Air       24%        3d32      100%        9
 Shatter                  Erth           14%        3d14*     100%        9
 Animate Armour           Summ/Erth      Unusable   N/A       N/A         4

Inventory:

Hand Weapons
 O - the +11 trident of Broken Luck (weapon) {speed, Will+ Str-3 Int+3 Dex+2}
   (You took it off an orc warrior on level 11 of the Dungeon)

   Str-3:     It affects your strength (-3).
   Int+3:     It affects your intelligence (+3).
   Dex+2:     It affects your dexterity (+2).
   Will+:     It increases your willpower.
 R - the +1 orcbow of Caalei Jaoq {heavy, *Corrode Str+2 Dex+3 SInv}
   (You took it off an orc warrior on level 11 of the Dungeon)

   Str+2:     It affects your strength (+2).
   Dex+3:     It affects your dexterity (+3).
   SInv:      It lets you see invisible.
   *Corrode:  It may corrode you when you take damage.
Missiles
 l - 51 javelins
 E - 10 throwing nets {=f}
 W - 3 darts of dispersal {=f}
Armour
 w - a +1 pair of boots (worn)
 y - a +2 cloak (worn)
 P - a +2 pair of gloves (worn)
 Q - a +1 pair of gloves of infusion
 Y - the crystal ball of Wucad Mu (worn) {*channel}
   (You acquired it on level 13 of the Dungeon)

   *Channel:  It often returns the magic spent to cast spells, but lowers their
   success rate.
   It always returns the magic spent on miscasts.
Magical Staves
 M - the staff of Gaorghiguwk {Str-3 Int+2 Dex+4 Earth, !a}
   (You found it on level 5 of the Lair of Beasts)

   [staff of earth]

   Base accuracy: +5 Base damage: 5 Base attack delay: 1.2 This weapon's minimum
   attack delay (0.6) is reached at skill level 12.
   Str-3:     It affects your strength (-3).
   Int+2:     It affects your intelligence (+2).
   Dex+4:     It affects your dexterity (+4).
   Earth:     It increases the power of your Earth spells.
   It falls into the 'Staves' category.
   It is a one-handed weapon.
Jewellery
 r - an amulet of magic regeneration (around neck)
 C - a ring of ice
 F - a ring of fire
 L - a ring of flight
 N - a ring of positive energy (right hand)
 S - a +6 ring of strength
 Z - a ring of wizardry (left hand)
Wands
 b - a wand of paralysis (16)
 d - a wand of light (13)
 A - a wand of flame (20)
 D - a wand of mindburst (24)
 X - a wand of digging (4)
Scrolls
 a - 6 scrolls of noise
 f - 6 scrolls of amnesia
 h - 2 scrolls of blinking
 j - 5 scrolls of vulnerability
 k - 9 scrolls of teleportation {@r2}
 m - 2 scrolls of fear
 o - 3 scrolls of fog
 t - 4 scrolls of enchant weapon
 u - 3 scrolls of silence {!r}
 v - a scroll of identify {@r1}
 x - a scroll of poison
 I - 6 scrolls of revelation
 T - 2 scrolls of brand weapon
 U - a scroll of summoning
 V - 2 scrolls of enchant armour
Potions
 c - 2 potions of lignification
 e - 2 potions of curing {@q1}
 g - 2 potions of enlightenment
 i - 2 potions of berserk rage {!q}
 n - a potion of ambrosia
 p - 4 potions of heal wounds {@q2}
 q - 2 potions of might
 s - 3 potions of haste {@q3}
 z - a potion of cancellation
 G - 5 potions of mutation
 H - a potion of invisibility
 J - a potion of resistance

Dungeon Overview and Level Annotations

Branches:
Dungeon (15/15)            Temple (1/1) D:6            Lair (5/5) D:8
  Swamp (0/4) Lair:3        Snake (1/4) Lair:2        Slime (0/5) Lair:5
    Orc (2/2) D:11            Elf (0/3) Orc:2        Vaults (0/5) D:13
 Depths (0/4) D:15

Altars:
Ashenzari
Cheibriados
Dithmenos
Elyvilon
Fedhas
Gozag
Hepliaklqana
Kikubaaqudgha
Makhleb
Nemelex Xobeh
Okawaru
Qazlal
Ru
Sif Muna
Trog
Uskayaw
Vehumet
Wu Jian
Xom
Yredelemnul
Zin
The Shining One
Beogh

Shops:
D:3 *   D:10 [[[(   Orc:2 (?=*

Portals:
Pandemonium: Orc:2
Trove: D:10 (show abyssal rune of Zot)

Annotations:
D:5 1 runed translucent door, Crazy Yiuf
D:14 2 transporters, Sarer's ghost, journeyman MiBe
Lair:1 3 runed translucent doors, fdshfn's ghost, journeyman OnCj

............##..P.........## #P.
#........#...#.............# ##.
.........#..##............## #P.
.............####.........# ##.
....########## ###.......# #..
....# ##.###### #.......## ##.
....## ##...#...###........# #.
#....###...)..⌠S..#.......######.
......#..)#)....@.#..............
.........###..⌠...#..............
....#...## ##...###....#P.#......
....##.## ##### #..#....#......
.P..###### ##..+...........
.#.......# ###........#......
.#.......## ###P#.............##
.......#..####...#........P.####
.#.....#.÷.÷..............#..#


You could see a sea snake.


Message History

The sea snake is moderately wounded.
* * * LOW HITPOINT WARNING * * *
You feel extremely sick.
You hear an angry hiss. x2
* * * LOW HITPOINT WARNING * * *
You are more poisoned.
A black mamba comes into view.
A naga comes into view. It is wielding a +0 battleaxe.
The naga mage spits poison at you. The splash of poison hits you!
You are more poisoned.
* * * LOW HITPOINT WARNING * * *
Unknown command.
You feel better.
* * * LOW HITPOINT WARNING * * *
You are poisoned.
The sea snake bites you but does no damage.
The sea snake closely misses you. The naga ritualist spits poison at you.
The splash of poison hits you.
You are lethally poisoned!
* * * LOW HITPOINT WARNING * * *
Unknown command.
* * * LOW HITPOINT WARNING * * *
You feel very sick.
* * * LOW HITPOINT WARNING * * *
You are more poisoned.
The naga ritualist's toxic aura wanes.
The sea snake closely misses you.
You climb upwards.
Welcome back to the Lair of Beasts!
You die...

Skill      XL: |  1  2  3  4  5  6  7  8  9 10 11 12 13 14 15 16 |
---------------+-------------------------------------------------+-----
Spellcasting   | 3 4 5 7 8 9 11 | 11.5
Fire Magic     | 4 5 6 7 8 11 13 15 17 18 | 18.0
Conjurations   | 3 4 5 6 11 14 | 14.3
Fighting       | 1 2 3 5 6 8 10 | 10.5
Evocations     | 1 2 3 4 5 6 |  6.4
Dodging        | 2 3 4 5 7 9 |  9.0
Stealth        | 2 3 |  3.0
Hexes          | 3 |  3.0
Translocations | 3 |  3.0
Summonings     | 3 |  3.0
Earth Magic    | 1 3 |  3.0
Alchemy        | 5 |  5.0

Action                     |  1- 3 |  4- 6 |  7- 9 | 10-12 | 13-15 | 16-18 || total
---------------------------+-------+-------+-------+-------+-------+-------++-------
  Melee: Unarmed           |    17 |       |       |       |       |       ||    17
         Tailslap          |     1 |     2 |     3 |     9 |    26 |     7 ||    48
         Dagger            |     4 |    13 |    14 |     7 |       |       ||    38
         Rapier            |     1 |       |       |       |       |       ||     1
         Falchion          |       |       |     5 |    68 |    33 |       ||   106
         Trident           |       |       |       |       |   127 |    21 ||   148
   Cast: Foxfire           |    60 |   109 |   158 |    91 |    32 |       ||   450
         Scorch            |     9 |    13 |    23 |     8 |    13 |     1 ||    67
         Flame Wave        |       |       |    12 |     9 |    14 |     3 ||    38
         Volatile Blastmot |       |       |    19 |    11 |     3 |       ||    33
         Summon Blazeheart |       |       |       |    81 |   101 |     1 ||   183
         Stone Arrow       |       |       |       |     1 |   124 |       ||   125
         Orb of Destructio |       |       |       |       |   149 |    35 ||   184
         Fulminant Prism   |       |       |       |       |    53 |    21 ||    74
         Olgreb's Toxic Ra |       |       |       |       |    64 |     7 ||    71
         Sticky Flame      |       |       |       |       |     6 |       ||     6
Ability: Nullifying Breath |       |       |     3 |     1 |     2 |       ||     6
  Evoke: Wand              |       |     6 |     2 |    11 |     1 |       ||    20
    Use: Scroll            |       |     6 |     6 |    12 |    17 |     1 ||    42
         Potion            |       |       |     1 |     3 |       |     2 ||     6
   Stab: Paralysed         |       |       |     3 |    11 |       |       ||    14
 Armour: Skin              |    20 |    19 |    45 |   153 |   296 |    41 ||   574
  Dodge: Dodged            |    30 |    14 |    28 |    97 |   238 |    27 ||   434

Levels and vault maps discovered:
D:1:      elethiomel_arrival_quiet, layout_basic
D:2:      layout_loops_corners, serial_glass, glass_columns_b, glass_columns_a,
          glass_columns_b, glass_columns_b, grunt_decor_fettered,
          kennysheep_cluttered_room, serial_park_tiny_2
D:3:      minmay_chambers_of_threes, layout_rooms, dancing_weapons_uskayaw,
          shapermc_ecumenical_altar_hornbeckon, serial_shops,
          nicolae_shop_tiny_waterfront, minmay_bisected, uniq_natasha,
          uniq_jessica, uniq_robin
D:4:      layout_cave_pools, uniq_sigmund, uniq_edmund, uniq_menkaure,
          uniq_eustachio
D:5:      layout_gridville, cheibrodos_ashenzari_chains,
          hangedman_decor_growths, uniq_crazy_yiuf_cottage, uniq_duvessa,
          uniq_pikel
D:6:      layout_rooms, mainiacjoe_overflow_paths,
          minmay_temple_entry_from_below_a, minmay_a_box_with_orc_wizards_in_it
D:7:      layout_loops_ring, grunt_dithmenos_smoke_and_mirrors, grunt_livestock,
          uniq_maggie
D:8:      layout_layer_cave, overflow_temple_1_default, general_overflow_altar,
          mainiacjoe_overflow_brackets, grunt_lair_entry_orc_guard_hut,
          grunt_ogre_cave, grunt_decor_cap
D:9:      layout_basic
D:10:     minmay_the_grid_4x2 [minmay_the_grid_broken_lines, minmay_the_grid_x,
          minmay_the_grid_zigzag_pyramid, minmay_the_grid_outer_diamond,
          minmay_the_grid_dragon_b, minmay_the_grid_paths,
          minmay_the_grid_doors, minmay_the_grid_prize_four_corners],
          layout_stronghold, nicolae_wu_jian_wuxing_cycle, enter_trove_0,
          enter_bailey_8, nicolae_lava_and_water, minmay_shop_grid_forest
D:11:     evilmike_iron_armoury, layout_rooms, hiddenorc2_lemuel,
          nicolae_zen_rock_garden, uniq_harold
D:12:     layout_irregular_city, serial_library,
          serial_library_regret_index_double_sided,
          serial_library_hellmonk_junction,
          serial_library_regret_index_double_sided,
          serial_library_hellmonk_junction, serial_library_hellmonk_metal_room,
          minivault_21
D:13:     layout_stronghold, grunt_vaults_entry_tiered, uniq_josephine,
          uniq_erolcha
D:14:     layout_small_grid, minmay_misc_feat_nine_boxes, gammafunk_ghost_arena,
          grunt_qazlal_sundering
D:15:     hangedman_depths_entry_try_elsewhere_first, layout_irregular_city,
          lemuel_doored_altar, nicolae_hepliaklqana_hazy_memory
Temple:   eino_narrow_crystal_temple
Lair:1:   layout_hall_layers, ebering_ghost_rock_garden, uniq_urug
Lair:2:   layout_chaotic_city, nicolae_snake_entry_squirm,
          lemuel_altar_in_water2, pdpol_lair_neglected_garden
Lair:3:   layout_gridlike, mainiacjoe_swamp_entry_angry_trees
Lair:4:   layout_layer_cave, grunt_megastairs_4
Lair:5:   grunt_lair_end_beastmaster, layout_regular_city,
          minmay_slime_entry_jelly_boxes, grunt_megastairs_5, uniq_snorg
Snake:1:  layout_cave_shapes, serial_bayou_lagoon_b, uniq_frances
Orc:1:    layout_caves
Orc:2:    pf_orc_diabolical, layout_caves, bh_open_orc_temple

Notes
Turn   | Place    | Note
-------+----------+-------------------------------------------
     0 | D:1      | Drazool the Draconian Fire Elementalist began the quest for
                  | the Orb.
     0 | D:1      | Reached XP level 1. HP: 14/14 MP: 3/3
   367 | D:1      | Reached XP level 2. HP: 20/20 MP: 1/5
   621 | D:1      | Reached skill level 3 in Spellcasting
   684 | D:1      | Learned a level 2 spell: Scorch
  1123 | D:2      | Reached XP level 3. HP: 26/26 MP: 0/7
  1726 | D:2      | Reached skill level 4 in Spellcasting
  1894 | D:2      | Reached XP level 4. HP: 33/33 MP: 6/10
  2543 | D:3      | Noticed Jessica
  2547 | D:3      | Killed Jessica
  2612 | D:3      | Found a faded altar of an unknown god.
  2652 | D:3      | Found Midurel's General Store.
  2661 | D:3      | Bought a scroll of identify for 20 gold pieces
  2661 | D:3      | Bought a scroll of teleportation for 30 gold pieces
  2669 | D:3      | Noticed a +0 hand axe
  2670 | D:3      | Noticed a +0 hand axe
  2706 | D:3      | Found a hide-covered altar of Uskayaw.
  2738 | D:3      | Learned a level 3 spell: Inner Flame
  2766 | D:3      | Reached skill level 4 in Fire Magic
  2768 | D:3      | Noticed Robin
  2787 | D:3      | Killed Robin
  2885 | D:3      | Reached XP level 5. HP: 38/38 MP: 5/11
  3025 | D:3      | Noticed Natasha
  3038 | D:3      | Killed Natasha
  3039 | D:3      | Reached skill level 2 in Conjurations
  3256 | D:3      | Reached skill level 3 in Conjurations
  3256 | D:3      | Reached skill level 1 in Fighting
  3256 | D:3      | Reached skill level 1 in Evocations
  3639 | D:3      | Noticed Natasha
  3645 | D:3      | Killed Natasha
  3646 | D:3      | Reached XP level 6. HP: 48/48 MP: 7/12
  3647 | D:3      | Noticed Natasha
  3654 | D:3      | Killed Natasha
  3658 | D:3      | Reached skill level 2 in Fighting
  3679 | D:3      | Reached skill level 2 in Evocations
  3860 | D:4      | Noticed Sigmund
  3871 | D:4      | Killed Sigmund
  3872 | D:4      | Reached skill level 2 in Dodging
  3872 | D:4      | Reached skill level 2 in Stealth
  3872 | D:4      | Reached skill level 5 in Fire Magic
  3927 | D:4      | Noticed Eustachio
  3984 | D:4      | Noticed Menkaure
  3992 | D:4      | Noticed Edmund
  4019 | D:3      | Killed Edmund
  4020 | D:3      | Your scales start taking on a rich purple colour.
  4020 | D:3      | Reached XP level 7. HP: 27/55 MP: 1/14
  4186 | D:4      | Reached skill level 6 in Fire Magic
  4186 | D:4      | Reached skill level 3 in Evocations
  4423 | D:4      | Learned a level 3 spell: Volatile Blastmotes
  4428 | D:4      | Learned a level 4 spell: Flame Wave
  4462 | D:4      | Reached skill level 3 in Fighting
  4599 | D:4      | Reached skill level 3 in Dodging
  4602 | D:4      | Reached skill level 5 in Spellcasting
  4621 | D:4      | Killed Eustachio
  4622 | D:4      | Reached XP level 8. HP: 61/63 MP: 9/15
  4650 | D:4      | Killed Menkaure
  4651 | D:4      | Reached skill level 7 in Fire Magic
  5126 | D:5      | Entered Level 5 of the Dungeon
  5182 | D:5      | Reached skill level 4 in Conjurations
  5264 | D:5      | Found a broken altar of Ashenzari.
  5661 | D:5      | Reached skill level 4 in Dodging
  5876 | D:5      | Noticed Pikel
  5907 | D:5      | Killed Pikel
  5908 | D:5      | Reached skill level 3 in Hexes
  5908 | D:5      | Reached skill level 3 in Translocations
  6023 | D:5      | Identified the +4 falchion of the Sugar Beet {flame, rN+
                  | Int+3}
  6084 | D:5      | Found a runed translucent door.
  6085 | D:5      | Noticed Crazy Yiuf
  6125 | D:5      | Noticed Duvessa
  6126 | D:5      | Noticed Dowan
  6152 | D:5      | Killed Duvessa
  6153 | D:5      | Reached XP level 9. HP: 63/69 MP: 1/16
  6195 | D:5      | Killed Dowan
  6316 | D:5      | Reached skill level 8 in Fire Magic
  6730 | D:6      | Reached skill level 4 in Fighting
  6919 | D:6      | Reached skill level 5 in Fighting
  6990 | D:6      | Found a basalt altar of Yredelemnul.
  7066 | D:6      | Reached skill level 3 in Stealth
  7343 | D:6      | Found a staircase to the Ecumenical Temple.
  7707 | Temple   | Entered the Ecumenical Temple
  7784 | D:7      | Reached skill level 5 in Conjurations
  7886 | D:7      | Reached skill level 4 in Evocations
  8108 | D:7      | Reached skill level 6 in Spellcasting
  8274 | D:7      | Reached skill level 7 in Spellcasting
  8420 | D:7      | Reached XP level 10. HP: 75/81 MP: 9/20
  8644 | D:7      | Noticed Maggie
  8672 | D:7      | Killed Maggie
  8673 | D:7      | Reached skill level 9 in Fire Magic
  8828 | D:7      | Found a shadowy altar of Dithmenos.
  8843 | D:7      | Learned a level 4 spell: Summon Blazeheart Golem
  9087 | D:7      | Reached skill level 1 in Summonings
  9208 | D:8      | Reached skill level 3 in Summonings
  9698 | D:8      | Found a staircase to the Lair.
  9704 | D:8      | Reached skill level 10 in Fire Magic
  9841 | D:8      | Reached skill level 11 in Fire Magic
  9977 | D:8      | Reached skill level 5 in Evocations
 10039 | D:8      | Found a radiant altar of Vehumet.
 10050 | D:8      | Became a worshipper of Vehumet
 10100 | D:8      | Found a shimmering altar of Xom.
 10771 | D:8      | Found a bloodstained altar of Trog.
 11036 | D:9      | Noticed a two-headed ogre
 11221 | D:9      | Reached skill level 8 in Spellcasting
 11228 | D:9      | Reached skill level 6 in Fighting
 11228 | D:9      | Reached XP level 11. HP: 89/89 MP: 11/23
 11601 | D:9      | Killed a two-headed ogre
 11602 | D:9      | Reached skill level 12 in Fire Magic
 11985 | D:10     | Entered Level 10 of the Dungeon
 12011 | D:10     | Found an ornate altar of the Wu Jian Council.
 12224 | D:10     | Noticed a two-headed ogre
 12231 | D:10     | Killed a two-headed ogre
 12296 | D:10     | Reached * piety under Vehumet
 12296 | D:10     | Offered knowledge of Sting by Vehumet.
 12368 | D:10     | Noticed an ogre mage
 12368 | D:10     | Noticed an ogre mage
 12391 | D:10     | Noticed a two-headed ogre
 12628 | D:10     | Reached skill level 13 in Fire Magic
 12817 | D:10     | Killed an ogre mage
 12818 | D:10     | Reached skill level 6 in Conjurations
 13022 | D:10     | Found Qoyrupn's Armour Shop.
 13027 | D:10     | Found Sappuej's Antique Armour Shop.
 13028 | D:10     | Found Eqaip's Antique Weapon Shop.
 13032 | D:10     | Found Huogefab's Antique Armour Shop.
 13043 | D:10     | Bought a pair of boots for 121 gold pieces
 13086 | D:10     | Noticed a centaur warrior
 13220 | D:10     | Killed a centaur warrior
 13221 | D:10     | Reached skill level 7 in Fighting
 13315 | D:10     | Noticed a two-headed ogre
 13322 | D:10     | Killed a two-headed ogre
 13323 | D:10     | Reached skill level 8 in Fighting
 13359 | D:10     | HP: 9/94 [shot self (13)]
 13647 | D:10     | Killed a two-headed ogre
 13713 | D:10     | Noticed a fire dragon
 13734 | D:10     | HP: 9/94 [fire dragon/blast of flame (19)]
 13957 | Lair:1   | Entered Level 1 of the Lair of Beasts
 13962 | Lair:1   | Learned a level 3 spell: Stone Arrow
 14012 | Lair:1   | Reached skill level 5 in Dodging
 14145 | Lair:1   | Noticed Urug
 14443 | Lair:1   | Killed Urug
 14444 | Lair:1   | Reached skill level 1 in Earth Magic
 14444 | Lair:1   | Reached XP level 12. HP: 101/101 MP: 17/24
 14503 | Lair:1   | Reached skill level 2 in Earth Magic
 14510 | Lair:1   | Reached ** piety under Vehumet
 14510 | Lair:1   | Offered knowledge of Searing Ray by Vehumet.
 14624 | Lair:1   | Reached skill level 6 in Dodging
 14678 | Lair:1   | Reached skill level 3 in Earth Magic
 14866 | Lair:1   | Found a runed translucent gate.
 14866 | Lair:1   | Found a runed translucent gate.
 14866 | Lair:1   | Found a runed translucent gate.
 14866 | Lair:1   | Noticed fdshfn's ghost (journeyman OnCj)
 15230 | Lair:2   | Reached skill level 7 in Dodging
 15455 | Lair:2   | Found a radiant altar of Vehumet.
 15588 | Lair:2   | Reached skill level 9 in Spellcasting
 15983 | Lair:2   | Found a staircase to the Snake Pit.
 16395 | Lair:3   | Offered knowledge of Frozen Ramparts by Vehumet.
 16506 | Lair:3   | Reached skill level 14 in Fire Magic
 16526 | Lair:3   | Reached *** piety under Vehumet
 17155 | Lair:3   | Reached skill level 15 in Fire Magic
 17298 | Lair:3   | Found a staircase to the Swamp.
 17375 | Lair:4   | You fall into a shaft and drop 1 floor!
 17375 | Lair:5   | Entered Level 5 of the Lair of Beasts
 17417 | Lair:5   | Offered knowledge of Ignite Poison by Vehumet.
 17418 | Lair:5   | Reached XP level 13. HP: 101/108 MP: 26/26
 17625 | Lair:4   | Reached skill level 9 in Fighting
 17705 | Lair:4   | Identified a potion of resistance
 17789 | Lair:4   | Reached skill level 10 in Fighting
 17841 | Lair:3   | Learned a level 7 spell: Orb of Destruction
 18607 | Lair:4   | Reached skill level 7 in Conjurations
 18801 | Lair:5   | Reached **** piety under Vehumet
 18802 | Lair:5   | Reached skill level 8 in Conjurations
 18817 | Lair:5   | Reached skill level 9 in Conjurations
 18827 | Lair:5   | Offered knowledge of Fulminant Prism by Vehumet.
 19066 | Lair:5   | Noticed Snorg
 19086 | Lair:5   | Killed Snorg
 19315 | Lair:5   | Reached skill level 10 in Conjurations
 19697 | Lair:5   | Reached skill level 11 in Conjurations
 19976 | Lair:5   | Identified the +1 quarterstaff of the Disturbing Princes
                  | {pain, rF++ rCorr Str-3 Stlth+}
 19977 | Lair:5   | Identified the staff of Gaorghiguwk {Str-3 Int+2 Dex+4
                  | Earth}
 20122 | Lair:5   | Reached XP level 14. HP: 121/121 MP: 9/27
 20271 | Lair:5   | Found a staircase to the Slime Pits.
 20939 | D:10     | Reached skill level 12 in Conjurations
 21650 | D:10     | Found a portal to a secret trove of treasure.
 22122 | D:11     | Reached skill level 13 in Conjurations
 22198 | D:11     | Reached ***** piety under Vehumet
 22269 | D:11     | Learned a level 4 spell: Fulminant Prism
 22392 | D:11     | Found an iron altar of Okawaru.
 22392 | D:11     | Identified the +5 scale mail "Atint" {rN+ Will+}
 22674 | D:11     | Offered knowledge of Olgreb's Toxic Radiance by Vehumet.
 22698 | D:11     | Learned a level 4 spell: Olgreb's Toxic Radiance
 22769 | D:11     | Identified the +11 trident of Broken Luck {speed, Will+
                  | Str-3 Int+3 Dex+2}
 22949 | D:11     | Identified the +1 orcbow of Caalei Jaoq {heavy, *Corrode
                  | Str+2 Dex+3 SInv}
 22950 | D:11     | Reached skill level 1 in Alchemy
 22973 | D:11     | Identified the +3 robe of Bafayrr {Harm rPois rC- Slay-6}
 23078 | D:11     | Reached skill level 2 in Alchemy
 23270 | D:11     | Noticed Harold
 23275 | D:11     | Killed Harold
 23369 | D:10     | Reached skill level 14 in Conjurations
 23449 | D:11     | Reached skill level 3 in Alchemy
 23584 | D:11     | Found a staircase to the Orcish Mines.
 23859 | D:11     | Reached skill level 4 in Alchemy
 23937 | D:11     | Upgraded the game from 0.32-a0-918-g0f22ef8d61 to
                  | 0.32-a0-928-g1cae6b7ea0
 23996 | Orc:1    | Entered Level 1 of the Orcish Mines
 24060 | Orc:1    | Reached skill level 5 in Alchemy
 24418 | Orc:2    | Entered Level 2 of the Orcish Mines
 24627 | Orc:2    | Found a roughly hewn altar of Beogh.
 24992 | Orc:2    | Reached skill level 10 in Spellcasting
 25020 | Orc:2    | Offered knowledge of Sticky Flame by Vehumet.
 25123 | Orc:2    | Found Mannin's Magic Scroll Shoppe.
 25125 | Orc:2    | Found Hisacvuc's General Store.
 25191 | Orc:2    | Bought a scroll of identify for 34 gold pieces
 25191 | Orc:2    | Bought a scroll of identify for 34 gold pieces
 25195 | Orc:2    | Bought a potion of attraction for 36 gold pieces
 25195 | Orc:2    | Bought a scroll of identify for 24 gold pieces
 25195 | Orc:2    | Bought a scroll of summoning for 114 gold pieces
 25375 | Orc:2    | Reached skill level 11 in Spellcasting
 25544 | Orc:2    | Reached XP level 15. HP: 126/126 MP: 25/30
 25658 | Orc:2    | Learned a level 4 spell: Sticky Flame
 25780 | Orc:2    | Found a staircase to the Elven Halls.
 25785 | Orc:2    | Reached skill level 8 in Dodging
 26503 | Orc:2    | Found Miashox's Antique Weapon Shop.
 26503 | Orc:2    | Found Cul Yne's Jewellery Boutique.
 26504 | Orc:2    | Found a one-way gate leading to the halls of Pandemonium.
 26725 | D:12     | Reached skill level 9 in Dodging
 27321 | D:12     | Reached skill level 6 in Evocations
 27817 | D:13     | Offered knowledge of Starburst by Vehumet.
 28044 | D:13     | Noticed Josephine
 28048 | D:13     | Killed Josephine
 28160 | D:13     | Noticed Erolcha
 28181 | D:13     | Killed Erolcha
 28458 | D:13     | Reached skill level 16 in Fire Magic
 28725 | D:13     | Found a gate to the Vaults.
 28758 | D:13     | Identified a scroll of acquirement
 28758 | D:13     | Acquired the crystal ball of Wucad Mu {*channel}
 28758 | D:13     | Found the crystal ball of Wucad Mu {*channel}
 29295 | D:14     | Found a transporter.
 29299 | D:14     | Noticed Sarer's ghost (journeyman MiBe)
 29306 | D:14     | Noticed a fire giant
 29943 | D:14     | Reached skill level 17 in Fire Magic
 30301 | D:14     | Found a transporter.
 30371 | D:14     | Found a stormy altar of Qazlal.
 30457 | D:14     | Upgraded the game from 0.32-a0-928-g1cae6b7ea0 to
                  | 0.32-a0-938-g40ac7a0f4d
 30481 | D:15     | Entered Level 15 of the Dungeon
 30567 | D:15     | Found an ancient bone altar of Kikubaaqudgha.
 30599 | D:15     | Reached XP level 16. HP: 122/134 MP: 29/31
 30750 | D:15     | Reached skill level 18 in Fire Magic
 30977 | D:15     | Offered knowledge of Fireball by Vehumet.
 31191 | D:15     | Found a hazy altar of Hepliaklqana.
 31551 | D:15     | Found a staircase to the Depths.
 31854 | Snake:1  | Entered Level 1 of the Snake Pit
 31931 | Snake:1  | HP: 9/135 [naga mage/splash of poison (13)]
 31934 | Lair:2   | Succumbed to a naga ritualist's toxic radiance

Vanquished Creatures
  A dire elephant (D:15)
  Snorg (Lair:5)
  Josephine (D:13)
  A fire dragon (D:10)
  3 hydras
  Harold (D:11)
  A rakshasa (D:14)
  3 catoblepae
  2 vault guards (D:13)
  3 ogre magi (D:10)
  Erolcha (D:13)
  2 anacondas
  4 boulder beetles
  A demonspawn (Orc:2)
  6 two-headed ogres
  6 death yaks
  7 centaur warriors
  A deep troll shaman (Lair:5)
  An occultist (D:12)
  7 orc high priests
  A deep elf knight (D:11)
  Urug (Lair:1)
  A skyshark (Lair:3)
  2 spriggan druids (Lair:3)
  7 skeletal warriors (D:14)
  A mana viper (Snake:1)
  4 arcanists (D:13)
  Pikel (D:5)
  7 orc knights
  A wolf spider (D:15)
  2 deep elf pyromancers
  2 necromancers (D:13)
  A salamander (D:15)
  7 orc sorcerers
  25 ugly things
  3 manticores
  15 elephants
  7 cyclopes
  A black mamba (shapeshifter) (D:13)
  8 black mambas
  9 cane toads
  5 gargoyles
  An unseen horror (D:10)
  3 kobold demonologists
  Maggie (D:7)
  3 rime drakes
  2 ice devils (Orc:2)
  6 komodo dragons
  3 yaktaurs (D:15)
  A freezing wraith (D:10)
  A tengu conjurer (D:12)
  4 polar bears
  8 trolls
  2 hornets
  A blink frog (shapeshifter) (D:15)
  7 blink frogs
  3 slime creatures (D:15)
  Sigmund (D:4)
  2 shadows (D:10)
  A centaur simulacrum (D:15)
  47 yaks
  2 hogs (D:7)
  A ynoxinul (Orc:2)
  A wyvern (Lair:3)
  14 humans
  2 wargs
  Eustachio (D:4)
  A steam dragon (D:8)
  6 wraiths
  A neqoxec (Orc:2)
  4 basilisks
  9 vampire mosquitoes
  Menkaure (D:4)
  Edmund (D:3)
  3 nagas (Lair:2)
  An acid dragon (D:13)
  8 water moccasins
  Duvessa (D:5)
  41 orc warriors
  A sky beast (D:8)
  2 ice beasts
  6 black bears
  A black bear (shapeshifter) (D:14)
  6 wolves
  3 ogres
  6 boggarts
  4 centaurs
  A lemure (D:5)
  A phantom (D:4)
  3 kobold brigands
  2 gnoll sergeants
  7 bullfrogs
  4 scorpions
  Dowan (D:5)
  3 wights (D:6)
  6 killer bees
  3 howler monkeys (D:7)
  4 hounds
  13 jellies (Lair:5)
  2 bombardier beetles
  24 orc priests
  Jessica (D:3)
  Natasha (thrice) (D:3)
  22 orc wizards
  Robin (D:3)
  9 gnolls
  14 adders
  A shadow imp (D:7)
  A white imp (D:6)
  2 ufetubi (D:6)
  3 dart slugs
  5 ribbon worms
  82 orcs
  3 endoplasms
  3 giant cockroaches
  13 goblins
  7 hobgoblins
  15 jackals
  16 kobolds
  5 quokkas
  8 ball pythons
  6 bats
  5 frilled lizards
  3 rats
690 creatures vanquished.

Vanquished Creatures (collateral kills)
  3 hydras
  A vault guard (D:13)
  A demonspawn (Orc:2)
  A skeletal warrior (D:14)
  4 ugly things
  An orc knight (Orc:2)
  An orc sorcerer (Orc:2)
  2 elephants (Lair:5)
  A cane toad (Lair:4)
  3 komodo dragons
  A hornet (Lair:3)
  A blink frog (Lair:4)
  2 wyverns
  2 humans (D:13)
  6 yaks
  A steam dragon (D:10)
  2 vampire mosquitoes (D:11)
  6 water moccasins
  An orc warrior (D:8)
  A black bear (D:8)
  5 wolves
  3 bullfrogs
  3 orcs
  An endoplasm (Lair:5)
  4 kobolds (D:9)
  3 foxfires (Lair:2)
60 creatures vanquished.

Vanquished Creatures (others)
  A howler monkey (D:10)
  143 blazeheart cores
  796 foxfires
  74 fulminant prisms
1014 creatures vanquished.

Grand Total: 1764 creatures vanquished

Table legend: (Time is in decaauts)
 A = Elapsed time spent in this place.
 B = Non-inter-level travel time spent in this place.
 C = Inter-level travel time spent in this place.
 D = Time resting spent in this place.
 E = Time spent auto-exploring this place.
 F = Levels seen in this place.
 G = Mean time per level.
                   A        B        C        D        E       F      G
               +--------+--------+--------+--------+--------+-----+--------+
         Total |  31968 |  30543 |   1425 |   6398 |  18357 |  24 | 1332.0 |
       Dungeon |  22523 |  21508 |   1015 |   4311 |  13453 |  15 | 1501.5 |
        Temple |      1 |      1 |      0 |      0 |      0 |   1 |    1.0 |
          Lair |   6981 |   6674 |    307 |   1397 |   3821 |   5 | 1396.2 |
     Snake Pit |     14 |     14 |      0 |      0 |      0 |   1 |   14.0 |
  Orcish Mines |   2448 |   2347 |    101 |    690 |   1083 |   2 | 1224.0 |
               +--------+--------+--------+--------+--------+-----+--------+

Top non-repeatable levels by time:
    D:10: 2964 daAuts
    D:11: 2006 daAuts
   Orc:2: 1947 daAuts
  Lair:5: 1894 daAuts
     D:8: 1835 daAuts
     D:7: 1763 daAuts
     D:3: 1625 daAuts
  Lair:4: 1518 daAuts
    D:13: 1489 daAuts
     D:5: 1488 daAuts
     D:2: 1383 daAuts
  Lair:1: 1302 daAuts
  Lair:2: 1218 daAuts
     D:4: 1202 daAuts
    D:14: 1200 daAuts

Table legend:
 A = Non-vault XP
 B = Vault XP
 C = Vault XP percentage of total XP
 D = Non-vault monster count
 E = Vault monster count
 F = Vault count percentage of total count
                 A         B        C        D         E       F
            +---------+---------+-------+---------+---------+-------
      Total |   97306 |   74889 |  43.5 |     465 |     281 |  37.7
            +---------+---------+-------+---------+---------+-------
        D:1 |      36 |       0 |   0.0 |      20 |       0 |   0.0
        D:2 |      67 |       0 |   0.0 |      16 |       0 |   0.0
        D:3 |     182 |     351 |  65.9 |      12 |      31 |  72.1
        D:4 |     477 |     603 |  55.8 |      35 |       3 |   7.9
        D:5 |     423 |     887 |  67.7 |      18 |       3 |  14.3
        D:6 |     788 |     292 |  27.0 |      12 |       3 |  20.0
        D:7 |     887 |    1194 |  57.4 |      15 |       5 |  25.0
        D:8 |    2278 |    1333 |  36.9 |      27 |       7 |  20.6
        D:9 |    4040 |       0 |   0.0 |      27 |       0 |   0.0
       D:10 |    1915 |   12972 |  87.1 |      17 |      29 |  63.0
       D:11 |    6395 |    6910 |  51.9 |      23 |      51 |  68.9
       D:12 |    4832 |    1222 |  20.2 |      23 |       3 |  11.5
       D:13 |    5323 |   12004 |  69.3 |      14 |      30 |  68.2
       D:14 |   17330 |       0 |   0.0 |      33 |       0 |   0.0
       D:15 |   15440 |    2161 |  12.3 |      33 |       3 |   8.3
     Lair:1 |    4143 |     787 |  16.0 |      18 |       1 |   5.3
     Lair:2 |    4105 |     485 |  10.6 |      12 |       3 |  20.0
     Lair:3 |    5297 |    2202 |  29.4 |      24 |       4 |  14.3
     Lair:4 |    3978 |    3743 |  48.5 |      14 |       7 |  33.3
     Lair:5 |   10519 |   11908 |  53.1 |      26 |      42 |  61.8
    Snake:1 |    2444 |       0 |   0.0 |       4 |       0 |   0.0
      Orc:1 |    3485 |       0 |   0.0 |      17 |       0 |   0.0
      Orc:2 |    2922 |   15835 |  84.4 |      25 |      56 |  69.1
            +---------+---------+-------+---------+---------+-------
